 Dungeon Crawl Stone Soup version 0.27.1-34-g3ba077fa99 (webtiles) character file.

Game seed: 17098031346175797061

53 CoveEight the Ducker (level 4, -1/35 HPs)
             Began as a Djinni Monk on Jan 13, 2022.
             Slain by Sigmund (11 damage)
             ... on level 2 of the Dungeon on Jan 14, 2022.
             The game lasted 00:03:24 (2978 turns).

CoveEight the Ducker (Djinni Monk)                  Turns: 2978, Time: 00:03:25

Health: -1/35      AC:  2    Str: 11    XL:     4   Next: 11%
Gold:   47         EV: 13    Int: 12    God:
                   SH:  0    Dex: 15

rFire    + + .     SeeInvis .     - Unarmed
rCold    x . .     Faith    .   (no shield)
rNeg     . . .     Spirit   .   a - +0 robe
rPois    ∞         Reflect  .   (no helmet)
rElec    .         Harm     .   (no cloak)
rCorr    .         Rampage  .   (no gloves)
Will     .....                  (boots unavailable)
Stlth    +.........             (no amulet)
HPRegen  0.11/turn              (no ring)
MPRegen  0.00/turn              (no ring)

@: confused, flying
A: sickness immunity, fire resistance 2, cold vulnerability 1, float, innate
caster, hp casting, extra vitality 1
a: no special abilities


You were on level 2 of the Dungeon.
You visited 1 branch of the dungeon, and saw 3 of its levels.

You collected 47 gold pieces.

Inventory:

Armour
 a - a +0 robe (worn)
Scrolls
 b - a scroll of immolation {unknown}
 c - a scroll of enchant weapon {unknown}
 d - a scroll of brand weapon {unknown}
 e - a scroll of noise {unknown}


   Skills:
 + Level 3.5 Fighting
 + Level 3.5 Dodging
 + Level 2.0 Stealth
 * Level 3.5 Unarmed Combat
 * Level 0.6 Spellcasting


You had 3 spell levels left.
You knew the following spells:

 Your Spells              Type           Power      Damage    Failure   Level
a - Animate Skeleton      Necr           2%         N/A       24%         1
Your spell library was empty.

Dungeon Overview and Level Annotations

Branches:
Dungeon (3/15)

Altars:
Hepliaklqana

Annotations:
D:2 Sigmund


Innate Abilities, Weirdness & Mutations

You are immune to sickness and miasma.
You are immune to poison.
Your flesh is very heat resistant. (rF++)
You are vulnerable to cold. (rC-)
You float through the air rather than walking.
You learn spells naturally, not from books.
Your magical power is your life essence.
You have superior vitality. (+4 HP)


Message History

Sigmund completely misses you.
There is a stone staircase leading down here.
Sigmund barely misses you.
You fly downwards.
There is a stone staircase leading up here.
You start resting.
You start resting.
HP restored.
You fly upwards.
Level annotation: Sigmund
There is a stone staircase leading down here.
No target in view!
No target in view!
Casting: Animate Skeleton (safe; 24% risk of failure)
Confirm with . or Enter, or press ? or * to list all spells.
You don't know that spell.
Sigmund is nearby!
Sigmund casts a spell at you. The magic dart hits you!
Sigmund points at you and mumbles some strange words.
The puff of flame hits you. You resist. Sigmund barely misses you.
Sigmund closely misses you.
You closely miss Sigmund. You closely miss Sigmund.
Sigmund screams, "Don't try to resist!"
Sigmund casts a spell at you. The puff of flame hits you. You resist.
You barely miss Sigmund. Sigmund hits you with a +0 scythe!
You completely miss Sigmund. Sigmund barely misses you.
Sigmund flickers, as though insubstantial.
Sigmund gestures at you while chanting. The puff of flame hits you. You resist.
* * * LOW HITPOINT WARNING * * *
Sigmund casts a spell at you.
You are confused.
You bump into the rock wall.
Sigmund hits you from afar with a +0 scythe!
You die...

## #.## #@#######
##.@....# ####
#.#####.#######...
#.## #.........##
#. #########.# #.
####### #.#
#.######)....# #.#
#.....<..###.#
#.## .....######
#.# #...


You could see Sigmund.

Vanquished Creatures
  2 adders
  3 dart slugs (D:1)
  An endoplasm (D:1)
  A giant cockroach (D:1)
  4 hobgoblins (D:1)
  4 jackals (D:2)
  2 quokkas
  A ball python (D:1)
  2 bats (D:2)
  A frilled lizard (D:1)
  2 kobolds
  5 rats (D:1)
28 creatures vanquished.

Vanquished Creatures (collateral kills)
  An endoplasm (D:2)
1 creature vanquished.

Grand Total: 29 creatures vanquished

Notes
Turn   | Place    | Note
-------+----------+-------------------------------------------
     0 | D:1      | CoveEight the Djinni Monk began the quest for the Orb.
     0 | D:1      | Reached XP level 1. HP: 20/20 MP: 0/0
   266 | D:1      | Reached XP level 2. HP: 18/25 MP: 0/0
  1045 | D:1      | Reached XP level 3. HP: 28/30 MP: 0/0
  1045 | D:1      | Learned a level 1 spell: Animate Skeleton
  1959 | D:2      | Noticed Sigmund
  2638 | D:3      | Found a hazy altar of Hepliaklqana.
  2651 | D:3      | Reached XP level 4. HP: 20/35 MP: 0/0
  2978 | D:2      | Slain by Sigmund

Illustrated notes

Levels and vault maps discovered:
D:1:      dpeg_arrival_ternary, layout_rooms
D:2:      layout_loops_ring, minmay_stone_trees_medium, uniq_robin, uniq_sigmund
D:3:      layout_rooms, nicolae_hepliaklqana_hazy_memory

Skill      XL: |  1  2  3 |
---------------+----------+-----
Stealth        | 2 |  2.0
Fighting       | |  3.5
Dodging        | |  3.5
Unarmed Combat | |  3.5
Spellcasting   | |  0.6

Action                   |  1- 3 |  4- 6 || total
-------------------------+-------+-------++-------
Melee: Unarmed           |   155 |     6 ||   161
       Punch             |     3 |       ||     3
 Cast: Animate Skeleton  |     4 |       ||     4
 Stab: Sleeping          |     3 |       ||     3
Armor: Robe              |    27 |       ||    27
Dodge: Dodged            |   124 |     5 ||   129
